 Dungeon Crawl Stone Soup version 0.22-a0-479-gc6e99f3 (webtiles) character file.

126 Laiders72 the Ruffian (level 4, -2/36 HPs)
             Began as a Draconian Transmuter on June 14, 2018.
             Was an Initiate of Ashenzari.
             Slain by an orc priest
             ... wielding a +0 mace
              (4 damage)
             ... on level 3 of the Dungeon.
             The game lasted 00:10:00 (4280 turns).

Laiders72 the Ruffian (Draconian Transmuter)        Turns: 4280, Time: 00:10:01

Health: -2/36      AC:  6    Str: 16    XL:     4   Next: 84%
Magic:  23/23      EV: 11    Int: 14    God:    Ashenzari [......]
Gold:   111        SH:  4    Dex: 11    Spells: 2/8 levels left

rFire    . . .     SeeInvis .   n - staff of power (curse)
rCold    . . .     Gourm    .   p - +1 buckler
rNeg     . . .     Faith    .   (armour unavailable)
rPois    .         Spirit   .   (helmet restricted)
rElec    .         Reflect  .   (no cloak)
rCorr    .         Harm     .   (no gloves)
MR       .....                  l - +0 pair of boots
Stlth    ++........             (no amulet)
HPRegen  0.12/turn              b - +3 ring of strength (curse)
MPRegen  0.18/turn              i - ring of stealth

@: appendage, very slightly contaminated
A: unfitting armour, horns 2, cold-blooded, AC +5
a: End Transformation, Curse Item, Renounce Religion


You were on level 3 of the Dungeon.
You worshipped Ashenzari.
Ashenzari was noncommittal.
You were not hungry.
You had grown temporary horns.
You visited 1 branch of the dungeon, and saw 3 of its levels.

You collected 111 gold pieces.

Inventory:

Missiles
 a - 75 arrows
Armour
 l - a +0 pair of boots (worn)
 p - a +1 buckler (worn)
Magical Staves
 n - a cursed staff of power (weapon)
Jewellery
 b - a cursed +3 ring of strength (left hand)
 i - a ring of stealth (right hand)
Scrolls
 f - 3 scrolls of amnesia {unknown}
 j - a scroll of magic mapping {unknown}
 k - a scroll of enchant armour
 m - a scroll of noise {unknown}
Potions
 e - 3 potions of agility
 g - a potion of magic
 h - 2 potions of haste
 o - a potion of resistance
 r - a potion of lignification
Comestibles
 c - 5 rations


   Skills:
 + Level 2.3 Fighting
 + Level 2.4 Dodging
 + Level 3.5 Unarmed Combat
 + Level 2.7 Spellcasting
 + Level 2.8 Transmutations
 + Level 1.0 Poison Magic


You had 2 spell levels left.
You knew the following spells:

 Your Spells              Type           Power        Failure   Level  Hunger
a - Beastly Appendage     Tmut           #.....       12%         1    #......
b - Sticks to Snakes      Tmut           #.......     17%         2    ###....
c - Spider Form           Tmut/Pois      #.........   45%         3    ###....

Your spell library contained the following spells:

 Spells                   Type           Power        Failure   Level  Hunger
 Blade Hands              Tmut           #.........   97%         5    ######.
 Ice Form                 Ice/Tmut       #.......     90%         4    #####..


Dungeon Overview and Level Annotations

Branches:
Dungeon (3/15)

Altars:
Ashenzari
Cheibriados
Hepliaklqana
Okawaru
Trog
Uskayaw
Vehumet
Wu Jian
Zin

Annotations:
D:3 Gildeon's ghost, amateur MiFi


Innate Abilities, Weirdness & Mutations

Your plain brown scales are hard. (AC +5)
You cannot fit into any form of body armour.
You are cold-blooded and may be slowed by cold attacks.
You have a pair of horns on your head.


Message History

You hit the orc priest but do no damage.
The orc priest is lightly wounded.
You block the orc priest's attack.
You hit the orc priest but do no damage.
The orc priest is lightly wounded.
The orc priest hits you with a mace.
* * * LOW HITPOINT WARNING * * *
You hit the orc priest.
The orc priest is moderately wounded.
The orc priest begins to cast a cantrip, but forgets the words!
You hit the orc priest. You headbutt the orc priest.
The orc priest is heavily wounded.
The orc priest closely misses you.
You hit the orc priest but do no damage.
The orc priest is heavily wounded.
The orc priest looks braver for a moment.
You hit the orc priest.
The orc priest is severely wounded.
The orc priest hits you with a mace.
You die...

### ##.## ##.#.## #######
##.###.###.....## ####.##
##.........###
#...<@###o.##.........
#.####o#.#.##......#
###########.# #..##o##......###
#...........####.>##.S..........
#.############....######S..####.
#.# #.#.## #.### #.. #.# #.#)#
#S# #.S #.# #.#.# #.# #.. #.#
#.#.### #.# #..


You could see an orc priest.

Vanquished Creatures
  An orc wizard (D:3)
  2 adders
  2 oozes
  3 worms (D:2)
  3 dart slugs
  3 leopard geckos (D:2)
  3 orcs (D:3)
  2 ball pythons
  5 giant cockroaches
  5 goblins
  5 hobgoblins
  3 kobolds
  A quokka (D:2)
  4 bats
  2 frilled lizards (D:2)
  6 rats
50 creatures vanquished.

Notes
Turn   | Place    | Note
-------+----------+-------------------------------------------
     0 | D:1      | Laiders72 the Draconian Transmuter began the quest for the Orb.
     0 | D:1      | Reached XP level 1. HP: 16/16 MP: 3/3
   398 | D:1      | Reached XP level 2. HP: 12/23 MP: 5/5
   548 | D:1      | Learned a level 2 spell: Sticks to Snakes
  1644 | D:2      | Reached XP level 3. HP: 29/29 MP: 6/6
  1645 | D:2      | Found a hazy altar of Hepliaklqana.
  1680 | D:2      | Learned a level 3 spell: Spider Form
  1768 | D:2      | Found an ornate altar of the Wu Jian Council.
  1770 | D:2      | Found a glowing silver altar of Zin.
  2088 | D:2      | Found a faded altar of an unknown god.
  2320 | D:2      | Found a snail-covered altar of Cheibriados.
  2321 | D:2      | Found an iron altar of Okawaru.
  2337 | D:2      | Found a radiant altar of Vehumet.
  2388 | D:2      | Found a hide-covered altar of Uskayaw.
  2396 | D:2      | Found a shattered altar of Ashenzari.
  2618 | D:2      | Reached XP level 4. HP: 26/36 MP: 5/7
  2815 | D:2      | Became a worshipper of Ashenzari the Shackled
  3001 | D:3      | Found a bloodstained altar of Trog.
  3348 | D:3      | Reached skill level 1 in Poison Magic
  3790 | D:3      | Noticed Gildeon's ghost (amateur MiFi)
  4280 | D:3      | Slain by an orc priest

Vault maps used:
D:1:      nzn_arrival_depleted_hourglass
D:2:      grunt_temple_overflow_open, gammafunk_temple_overflow_forgotten,
          chequers_ecumenical_altar_simple
D:3:      bloody_trog, minmay_curled_crystal

Skill      XL: |  1  2  3  4 |
---------------+-------------+-----
Dodging        | 2 |  2.4
Fighting       | 2 |  2.3
Poison Magic   | 1 |  1.0
Unarmed Combat | |  3.5
Spellcasting   | |  2.7
Transmutations | |  2.8

Action                   |  1- 3 |  4- 6 || total
-------------------------+-------+-------++-------
Melee: Unarmed           |   158 |    21 ||   179
       Tailslap          |    12 |    11 ||    23
       Punch             |     3 |       ||     3
       Headbutt          |     4 |     4 ||     8
       Staff             |       |    68 ||    68
 Cast: Beastly Appendage |     3 |     3 ||     6
       Sticks to Snakes  |       |    11 ||    11
       Spider Form       |       |     3 ||     3
Invok: Curse Item        |       |     2 ||     2
  Use: Scroll            |       |     5 ||     5
       Potion            |       |     2 ||     2
 Stab: Sleeping          |     5 |     1 ||     6
  Eat: Chunk             |     5 |     2 ||     7
       Ration            |       |     2 ||     2
Armor: Skin              |    50 |    28 ||    78
Dodge: Dodged            |    94 |    71 ||   165
Block: Buckler           |       |    21 ||    21

Table legend:
 A = Spawn XP
 B = Non-spawn XP
 C = Spawn XP percentage of total XP
 D = Spawn monster count
 E = Non-spawn monster count
 F = Spawn count percentage of total count
 G = Total turns spent on level
                    A         B        C        D         E        F      G
               +---------+---------+-------+---------+---------+-------+---------
         Total |       0 |     181 |   0.0 |       0 |      50 |   0.0 |  4280
               +---------+---------+-------+---------+---------+-------+---------
           D:1 |       0 |      28 |   0.0 |       0 |      13 |   0.0 |  1333
           D:2 |       0 |      69 |   0.0 |       0 |      26 |   0.0 |  2253
           D:3 |       0 |      84 |   0.0 |       0 |      11 |   0.0 |   694
               +---------+---------+-------+---------+---------+-------+---------
